 Dungeon Crawl Stone Soup version 0.29.1-1-gd02db6906a (webtiles) character file.

Game seed: 2093846491779690067

3192 EvilAshe the Cleaver (level 9, -5/67 HPs)
             Began as a Palentonga Fighter on Oct 1, 2022.
             Was a Believer of Yredelemnul.
             Killed by divine providence
             ... invoked by an orc high priest
              (13 damage)
             ... in a bailey.
             The game lasted 00:19:58 (9089 turns).

EvilAshe the Cleaver (Palentonga Fighter)           Turns: 9089, Time: 00:19:58

Health: -5/67      AC: 17    Str: 25    XL:     9   Next: 64%
Magic:  9/9        EV:  4    Int:  9    God:    Yredelemnul [**....]
Gold:   301        SH:  4    Dex: 10    Spells: 8/8 levels left

rFire   . . .      SeeInvis +   a - +0 war axe
rCold   . . .      Faith    .   c - +0 buckler
rNeg    . . .      Spirit   .   F - +0 plate armour
rPois   .          Reflect  .   (no helmet)
rElec   .          Harm     .   y - +0 cloak
rCorr   .          Rampage  .   (no gloves)
Will    .....                   (no barding)
Stlth   ..........              (no amulet)
HPRegen 0.21/turn               (no ring)
MPRegen 0.11/turn               (no ring)

@: mighty, hasted, curled up, very quick
A: large, rugged brown scales 3, see invisible, deformed body, roll 1, armoured
tail, reflexive curl
a: Rolling Charge, Renounce Religion, Recall Undead Harvest, Dark Bargain


You were in a bailey.
You worshipped Yredelemnul.
Yredelemnul was noncommittal.
You visited 2 branches of the dungeon, and saw 8 of its levels.
You also visited: Sewer and Bailey.

You collected 470 gold pieces.
You spent 169 gold pieces at shops.

Inventory:

Hand Weapons
 a - a +0 war axe (weapon)
Missiles
 i - 13 boomerangs (quivered)
Armour
 c - a +0 buckler (worn)
 p - a +0 chain mail
 y - a +0 cloak (worn)
 F - a +0 plate armour (worn)
Jewellery
 m - a ring of wizardry
 u - a ring of fire
 w - a +4 ring of slaying
 C - an amulet of faith
Wands
 o - a wand of iceblast (22)
 s - a wand of digging (7)
 v - a wand of polymorph (5)
 A - a wand of paralysis (3)
Scrolls
 f - 2 scrolls of immolation
 g - a scroll of amnesia {unknown}
 h - a scroll of enchant weapon
 n - 2 scrolls of magic mapping
 q - a scroll of enchant armour {unknown}
 t - 2 scrolls of blinking
 B - 2 scrolls of fog {unknown}
 G - a scroll of silence {unknown}
 H - a scroll of poison {unknown}
 I - a scroll of teleportation {unknown}
Potions
 b - 3 potions of mutation
 e - 2 potions of flight
 j - 2 potions of resistance {unknown}
 k - 3 potions of brilliance
 l - 2 potions of heal wounds
 r - 5 potions of curing
 x - a potion of magic {unknown}
 z - a potion of berserk rage {unknown}
Miscellaneous
 D - a lightning rod (4/4)


   Skills:
 - Level 3.0 Fighting
 + Level 13.6 Axes
 - Level 2.4 Armour
 - Level 2.6 Shields


You had 8 spell levels left.
You didn't know any spells.
Your spell library contained the following spells:

 Spells                   Type           Power      Damage    Failure   Level
 Apportation              Tloc           0%         N/A       100%        1
 Beastly Appendage        Tmut           0%         N/A       100%        1
 Necrotise                Necr           0%         1d4       100%        1
 Sting                    Tmut/Pois      0%         1d3       100%        1
 Summon Small Mammal      Summ           0%         N/A       100%        1
 Ensorcelled Hibernation  Hex/Ice        0%         N/A       100%        2
 Passwall                 Tmut/Erth      0%         N/A       100%        2
 Poisonous Vapours        Pois/Air       0%         N/A       100%        2
 Sublimation of Blood     Necr           0%         N/A       100%        2
 Wereblood                Tmut           0%         N/A       100%        2
 Spider Form              Tmut/Pois      0%         N/A       100%        3
 Swiftness                Air            0%         N/A       100%        3
 Olgreb's Toxic Radiance  Pois           0%         N/A       100%        4
 Petrify                  Tmut/Erth      0%         N/A       100%        4
 Irradiate                Conj/Tmut      0%         3d11      100%        5


Dungeon Overview and Level Annotations

Branches:
Dungeon (7/15)             Temple (1/1) D:5           Sewer (visited)
 Bailey (1/1)

Altars:
Cheibriados
Dithmenos
Elyvilon
Fedhas
Gozag
Hepliaklqana
Kikubaaqudgha
Makhleb
Okawaru
Qazlal
Ru
Sif Muna
Trog
Vehumet
Wu Jian
Yredelemnul

Shops:
D:6 !


Innate Abilities, Weirdness & Mutations

You are completely covered in rugged brown scales. (AC +3, +7% HP)
You have supernaturally acute eyesight. (SInv)
Armour fits poorly on your strangely shaped body.
You can roll at nearby foes to attack.
You have a long armoured tail.
You curl defensively after being hit. (AC +7*)


Message History

* * * LOW HITPOINT WARNING * * *
You slice the orc warrior!!
You kill the orc warrior!
The dead are walking!
You can now trade souls for undead servants.
You hit the kobold demonologist but do no damage.
Your tail-slap misses the kobold demonologist.
Your orc warrior zombie hits the kobold demonologist but does no damage.
You barely miss the kobold demonologist.
The kobold demonologist hits you but does no damage.
The kobold demonologist completely misses your orc warrior zombie.
The kobold demonologist hits your orc warrior zombie with a +0 war axe.
The red devil hits your orc warrior zombie with a +0 demon trident of venom!
Your orc warrior zombie is skewered by barbed spikes.
Your orc warrior zombie closely misses the kobold demonologist.
Your orc warrior zombie hits the hellwing.
You slash the kobold demonologist!
The kobold demonologist is moderately wounded.
Your orc warrior zombie hits the kobold demonologist.
You closely miss the kobold demonologist.
The kobold demonologist is heavily wounded.
The orc high priest says, "Oblivion to the unbeliever."
The orc high priest invokes the aid of Beogh against you.
Beogh smites you!
* * * LOW HITPOINT WARNING * * *
The kobold demonologist hits you but does no damage.
The kobold demonologist barely misses your orc warrior zombie.
The kobold demonologist hits your orc warrior zombie with a +0 war axe.
The red devil closely misses your orc warrior zombie.
You barely miss the kobold demonologist.
The kobold demonologist is heavily wounded.
Your orc warrior zombie hits the hellwing!
Your orc warrior zombie barely misses the kobold demonologist.
The kobold demonologist barely misses you.
The kobold demonologist hits your orc warrior zombie with a +0 war axe. x2
Your orc warrior zombie hits the kobold demonologist.
The orc high priest calls down the wrath of Beogh upon you.
Beogh smites you!
You die...
Your body rises from the dead as a mindless zombie. ≈≈≈≈≈~.#.8)..#.....# ≈≈≈≈≈~.#.....####### ≈≈≈≈≈~.#.8############ ≈≈≈≈≈~.#..# ......... ≈≈≈≈≈~.#.8# ....... ≈≈≈≈≈~.#).# ..Z4. ≈≈≈≈≈~.##)# g4o

≈≈≈≈≈~.#.)# ##K##
≈≈≈≈≈Z.#..# #Z@Z#
≈≈≈≈≈~.#..# #.Z.#
≈≈≈≈≈~Z#..# #8.8#
≈≈≈≈≈~.#..# #...#
≈≈≈≈≈#'#'##+###8.8#
≈≈≈≈≈#..).#??.#...#
≈≈≈≈≈#..).#!?.#...# )#
≈≈≈≈≈###.)######.######.
≈≈≈≈ #.'...Z....∩.......


You could see an orc high priest, a hellwing (summoned), a kobold demonologist
(distracted, ally target), a red devil (summoned), a hobgoblin and 4 friendly
orc warrior zombies.

Vanquished Creatures
  Pikel (D:6)
  6 orc warriors (Bailey)
  An ice beast (D:6)
  A sky beast (D:7)
  An ogre (D:5)
  A centaur (D:6)
  2 phantoms
  A lemure (D:6)
  4 bullfrogs
  3 scorpions
  2 electric eels (Bailey)
  10 hounds
  3 jellies
  Crazy Yiuf (D:5)
  5 orc priests
  5 orc wizards
  3 iguanas
  15 adders
  6 gnolls
  A shadow imp (D:5)
  3 white imps
  3 worms
  A dart slug (D:2)
  20 orcs
  16 endoplasms
  15 giant cockroaches
  17 goblins
  10 hobgoblins
  9 quokkas
  10 ball pythons
  6 bats
  5 frilled lizards
  11 kobolds
  3 rats
201 creatures vanquished.

Vanquished Creatures (collateral kills)
  A bullfrog (Sewer)
  2 orcs
  2 giant cockroaches (Sewer)
  3 quokkas (Sewer)
  2 ball pythons (Sewer)
  5 frilled lizards (Sewer)
15 creatures vanquished.

Vanquished Creatures (others)
  An ice beast zombie (D:6)
  2 hound zombies
  2 adder zombies
  A bat zombie (D:6)
  A giant cockroach zombie (Sewer)
  A goblin zombie (D:7)
  2 hobgoblin zombies (Bailey)
  5 orc zombies
  A fungus (D:5)
16 creatures vanquished.

Grand Total: 232 creatures vanquished

Notes
Turn   | Place    | Note
-------+----------+-------------------------------------------
     0 | D:1      | EvilAshe the Palentonga Fighter began the quest for the
                  | Orb.
     0 | D:1      | Reached XP level 1. HP: 19/19 MP: 1/1
    37 | D:1      | Reached XP level 2. HP: 25/25 MP: 2/2
    95 | D:1      | Reached skill level 3 in Axes
   460 | D:1      | Reached XP level 3. HP: 31/31 MP: 3/3
  1417 | D:2      | Reached skill level 4 in Axes
  1461 | D:2      | Reached XP level 4. HP: 34/37 MP: 4/4
  1618 | D:2      | Identified the +1 robe "Zeizim" {rPois Str+6 Dex-2}
  2304 | D:2      | Reached skill level 5 in Axes
  2420 | D:3      | Reached XP level 5. HP: 43/43 MP: 5/5
  2557 | D:3      | Identified the +0 ring mail of the Monkey's Uncle {Will+}
  2594 | D:3      | Found a faded altar of an unknown god.
  2906 | D:3      | Found a large runed translucent door.
  2911 | D:3      | Found a large runed translucent door.
  2935 | D:3      | Found a snail-covered altar of Cheibriados.
  2942 | D:3      | Found a bloodstained altar of Trog.
  3032 | D:3      | Reached skill level 6 in Axes
  3260 | D:3      | Reached XP level 6. HP: 50/50 MP: 6/6
  3481 | D:4      | Reached skill level 7 in Axes
  3997 | D:4      | Gained mutation: You curl defensively after being hit. (AC
                  | +7*) [Palentonga growth]
  3997 | D:4      | Reached XP level 7. HP: 33/55 MP: 7/7
  4231 | D:4      | Reached skill level 8 in Axes
  4436 | D:5      | Entered Level 5 of the Dungeon
  4615 | D:5      | Found a runed translucent door.
  4616 | D:5      | Noticed Crazy Yiuf
  4665 | D:5      | Reached skill level 9 in Axes
  5106 | D:5      | Found a staircase to the Ecumenical Temple.
  5122 | D:5      | Reached XP level 8. HP: 55/62 MP: 8/8
  5127 | Temple   | Entered the Ecumenical Temple
  5274 | Temple   | Became a worshipper of Yredelemnul the Dark
  5370 | D:5      | Reached * piety under Yredelemnul
  5371 | D:5      | Reached skill level 10 in Axes
  5815 | D:5      | Killed Crazy Yiuf
  6309 | D:6      | Found a glowing drain.
  6326 | D:6      | Reached ** piety under Yredelemnul
  6345 | Sewer    | Entered a sewer
  6554 | Sewer    | Reached *** piety under Yredelemnul
  6554 | Sewer    | Reached skill level 11 in Axes
  6566 | Sewer    | Reached **** piety under Yredelemnul
  6629 | D:6      | Found Xeytos's Distillery.
  6664 | D:6      | Bought a potion of curing for 39 gold pieces
  6664 | D:6      | Bought a potion of haste for 130 gold pieces
  6670 | D:6      | Identified the +1 leather armour of Jitta {+Inv rPois Dex-2
                  | SInv}
  7197 | D:6      | Noticed Pikel
  7224 | D:6      | Killed Pikel
  7225 | D:6      | Reached skill level 12 in Axes
  7225 | D:6      | Reached XP level 9. HP: 25/67 MP: 9/9
  7850 | D:7      | Found a flagged portal.
  7890 | Bailey   | Entered a bailey
  8412 | Bailey   | Reached skill level 13 in Axes
  9074 | Bailey   | Found an iron altar of Okawaru.
  9074 | Bailey   | Noticed a kobold demonologist
  9074 | Bailey   | Noticed an orc high priest
  9076 | Bailey   | Noticed a hellwing
  9082 | Bailey   | Noticed a red devil
  9082 | Bailey   | Noticed a red devil
  9089 | Bailey   | Killed from afar by an orc high priest

Illustrated notes

Levels and vault maps discovered:
D:1:      mrwooster_arrival_statue, layout_loops_corners
D:2:      layout_loops_corners, glass_columns_c
D:3:      layout_rooms, jmf_multi_god_temple2,
          shapermc_ecumenical_altar_mp_ritualfount, kennysheep_generic_room_12
D:4:      layout_rooms
D:5:      layout_layer_cave, minmay_temple_entry_arrows, uniq_crazy_yiuf_cottage
D:6:      layout_basic, serial_shops, nicolae_diamond_shop,
          cheibrodos_sewer_entry_sluice, uniq_pikel
D:7:      layout_rooms, grunt_temple_overflow_order_and_chaos_1,
          lemuel_tele_altar, nicolae_uskayaw_murder_on_the_dancefloor,
          enter_bailey_5, kennysheep_small_circle
Temple:   nicolae_temple_two_arcs
Bailey:   bailey_axe_of_yendor_kennysheep, bailey

Skill      XL: |  1  2  3  4  5  6  7  8  9 |
---------------+----------------------------+-----
Axes           | 3 4 5 6 7 9 12 13 | 13.6
Fighting       | |  3.0
Armour         | |  2.4
Shields        | |  2.6

Action                   |  1- 3 |  4- 6 |  7- 9 || total
-------------------------+-------+-------+-------++-------
Melee: War axe           |    75 |   175 |   316 ||   566
       Tailslap          |     8 |    24 |    40 ||    72
Throw: Boomerang         |       |     9 |    19 ||    28
Invok: Dark Bargain      |       |       |     3 ||     3
       Recall Undead Har |       |       |     1 ||     1
 Abil: Rolling Charge    |     1 |     2 |       ||     3
Evoke: Wand              |       |       |     2 ||     2
  Use: Scroll            |       |     5 |     2 ||     7
       Potion            |       |     1 |     2 ||     3
 Stab: Distracted        |       |       |     2 ||     2
Armor: Scale mail        |    34 |    28 |       ||    62
       Chain mail        |       |    59 |   147 ||   206
       Plate armour      |       |       |     3 ||     3
Dodge: Dodged            |    26 |    60 |    57 ||   143
Block: Buckler           |     8 |    30 |    35 ||    73
